AoeStats
← CyberAthlete

Black Forest

510557543Analyzed
4v4 RM · 22h ago on Oct 1, 2026· 62m 14s· 8 players
Game mode
Random Map
Map size
Large (8 player)
Population
200
Speed
Normal
Resources
Standard
Victory
Conquest
Starting age
Dark Age
Ending age
Imperial Age
RankedLock teamsTeams togetherTeam positionsShared explorationLock speedFull tech treeHidden civsTurbo modeCheats
Victory
Defeat
🇦🇷 Khmer · Argentina
1199
+14
🇮🇳 Byzantines · India
1165
+16
🇮🇳 Mongols · India
1165
+16
🇨🇳 Franks · China
1157
+16
🇫🇷 Khmer · France
1197
-18
🇨🇭 Mongols · Switzerland
1148
-15
🇭🇰 Koreans · Hong Kong SAR China
1147
-15
🇪🇸 Cumans · Spain
1132
-14
Aka1412
0:40 Loom
14:04 Feudal Age
19:12 Castle Age
17:05 Double-Bit Axe
17:01 Horse Collar
20:07 Bow Saw
24:49 Wheelbarrow
28:16 Fletching
32:11 Imperial Age
30:22 Hand Cart
30:32 Elite Skirmisher
31:40 Bodkin Arrow
32:33 Squires
31:55 Pikeman
33:03 Ballistics
32:21 Capped Ram
33:23 Bracer
32:52 Halberdier
33:36 Scale Mail Armor
37:28 Chemistry
36:50 Chain Mail Armor
37:58 Conscription
49:36 Forging
52:23 Crossbowman
62:04 Padded Archer Armor
YOU B4STARD!
0:46 Loom
13:05 Feudal Age
14:01 Double-Bit Axe
17:59 Castle Age
20:32 Wheelbarrow
20:13 Bow Saw
25:59 Hand Cart
28:04 Husbandry
30:26 Hand Cart
30:10 Stone Mining
30:11 Gold Mining
34:08 Imperial Age
31:49 Scale Barding Armor
31:54 Forging
32:01 Fishing Lines
33:03 Husbandry
34:31 Chain Barding Armor
34:47 Iron Casting
34:17 Caravan
34:19 Cavalier
35:24 Conscription
35:07 Chivalry
35:44 Ballistics
36:25 Chemistry
35:34 Siege Engineers
35:43 Masonry
35:15 Treadmill Crane
36:01 Gillnets
35:54 Paladin
39:34 Blast Furnace
39:09 Plate Barding Armor
CyberAthlete
6:40 Loom
11:45 Feudal Age
15:40 Castle Age
13:29 Double-Bit Axe
14:44 Fishing Lines
17:08 Bow Saw
18:59 Wheelbarrow
19:13 Horse Collar
20:25 Gillnets
21:51 Gold Mining
21:51 Stone Mining
23:05 Hand Cart
22:59 Stone Mining
24:43 Gold Shaft Mining
24:11 Heavy Plow
26:10 Stone Shaft Mining
29:36 Imperial Age
27:02 Fletching
27:12 Padded Archer Armor
27:42 Town Watch
30:01 Ballistics
29:37 Bodkin Arrow
29:58 Leather Archer Armor
29:53 Forging
29:48 Scale Barding Armor
30:36 Nomads
30:27 Elite Mangudai
31:30 Conscription
30:33 Light Cavalry
31:23 Bloodlines
31:30 Bracer
32:40 Chemistry
32:04 Town Patrol
31:33 Hussar
34:06 Iron Casting
33:51 Chain Barding Armor
60:02 Husbandry
60:18 Elite Steppe Lancer
61:22 Elite Steppe Lancer
61:22 Heavy Camel Rider
IGBBMN
5:08 Loom
11:47 Feudal Age
17:16 Castle Age
15:31 Horse Collar
15:41 Double-Bit Axe
18:47 Wheelbarrow
25:47 Imperial Age
24:26 Bow Saw
24:18 Heavy Plow
25:43 Gold Mining
28:03 Hand Cart
27:37 Town Watch
28:59 Chemistry
29:08 Ballistics
29:42 Siege Engineers
32:05 Scale Barding Armor
32:06 Heavy Scorpion
33:46 Chain Barding Armor
36:28 Conscription
37:15 Plate Barding Armor
36:47 Double Crossbow
36:19 Light Cavalry
38:16 Plate Barding Armor
37:52 Forging
41:05 Iron Casting
39:54 Hussar
40:47 Bloodlines
40:39 Husbandry
46:08 Blast Furnace
Atès
0:26 Loom
1:13 Loom
11:53 Feudal Age
13:55 Double-Bit Axe
14:00 Horse Collar
17:55 Castle Age
19:12 Bow Saw
21:27 Caravan
25:25 Wheelbarrow
26:07 Gold Mining
26:08 Stone Mining
26:21 Heavy Plow
26:56 Hand Cart
30:53 Imperial Age
28:47 Forging
28:44 Scale Barding Armor
29:39 Ballistics
31:33 Gold Shaft Mining
30:47 Light Cavalry
31:37 Bloodlines
31:28 Husbandry
32:06 Iron Casting
31:52 Chain Barding Armor
30:58 Heavy Scorpion
31:38 Hussar
34:12 Chemistry
33:31 Masonry
33:35 Siege Engineers
34:39 Blast Furnace
34:07 Conscription
34:07 Double Crossbow
37:11 Elite Ballista Elephant
38:00 Elite Battle Elephant
40:32 Plate Barding Armor
40:26 Tusk Swords
Mr. Bolivar
12:01 Feudal Age
10:37 Loom
13:11 Double-Bit Axe
16:20 Castle Age
14:16 Gold Mining
14:40 Stone Mining
14:51 Horse Collar
18:19 Bow Saw
22:30 Wheelbarrow
23:39 Heavy Plow
25:06 Hand Cart
27:50 Gold Shaft Mining
27:51 Stone Shaft Mining
30:21 Imperial Age
27:59 Scale Barding Armor
27:55 Padded Archer Armor
27:45 Fletching
28:11 Caravan
30:04 Leather Archer Armor
30:00 Forging
30:10 Chain Barding Armor
29:49 Bodkin Arrow
30:26 Husbandry
29:47 Light Cavalry
31:25 Conscription
31:39 Bloodlines
30:56 Elite Mangudai
32:33 Capped Ram
34:31 Chemistry
34:36 Ballistics
34:25 Thumb Ring
34:56 Bracer
35:32 Iron Casting
35:24 Parthian Tactics
35:54 Onager
37:28 Siege Engineers
37:01 Hussar
39:21 Drill
42:37 Blast Furnace
41:49 Fortified Wall
41:36 Siege Onager
44:44 Siege Ram
John Kalztan
5:18 Loom
12:02 Feudal Age
12:35 Double-Bit Axe
17:02 Horse Collar
20:48 Castle Age
18:45 Fishing Lines
22:46 Bow Saw
22:39 Gillnets
23:03 Fletching
24:06 Bloodlines
24:54 Stone Mining
26:50 Gold Mining
30:15 Steppe Husbandry
30:21 Bodkin Arrow
30:27 Padded Archer Armor
31:47 Gold Shaft Mining
31:38 Heavy Plow
31:21 Capped Ram
32:18 Town Watch
33:12 Wheelbarrow
35:18 Imperial Age
33:21 Town Patrol
35:59 Leather Archer Armor
35:26 Elite Kipchak
36:27 Conscription
35:39 Light Cavalry
36:59 Hand Cart
38:09 Chemistry
38:32 Two-Man Saw
38:05 Crop Rotation
38:04 Ballistics
38:17 Ring Archer Armor
38:18 Parthian Tactics
37:29 Siege Ram
38:27 Thumb Ring
39:49 Onager
41:11 Siege Onager
44:27 Masonry
51:01 Hussar
52:54 Scale Barding Armor
53:00 Forging
60:22 Pikeman
61:05 Squires
61:18 Halberdier
kahohohoka
0:29 Loom
14:02 Feudal Age
14:38 Double-Bit Axe
15:54 Gold Mining
16:13 Stone Mining
19:13 Castle Age
20:32 Bow Saw
20:04 Horse Collar
22:18 Wheelbarrow
22:49 Heavy Plow
26:59 Town Watch
28:19 Hand Cart
33:01 Imperial Age
31:03 Fletching
32:03 Fortified Wall
31:38 Treadmill Crane
31:42 Pikeman
32:22 Squires
32:22 Bodkin Arrow
32:29 Scale Mail Armor
32:39 Forging
33:04 Heavy Rocket Cart
33:34 Arson
34:00 Caravan
35:41 Two-Man Saw
34:13 Halberdier
35:13 Chain Mail Armor
35:08 Forging
35:58 Bracer
36:34 Siege Engineers
36:40 Masonry
37:44 Conscription
37:58 Plate Mail Armor
38:03 Iron Casting
42:25 Chemistry
41:45 Ballistics
41:56 Architecture
43:20 Shinkichon
45:01 Eupseong
47:05 Elite Skirmisher
55:16 Capped Ram
Connection lost

Rejoining the realm…

Still unreachable

The connection could not be restored.

Session expired

The server has moved on; the page needs a fresh start.